cohdb
Replays
Latest Replays
All Replays
Popular Replays
Top Player Replays
Match Explorer
How It Works
Community
CoH3 Stats
Reddit
Sign in to upload your games and track your stats! →
Sign in with Steam
Match 47087397
Unlisted
Match 47087397
Overview
Messages
Build Orders
End
Construct Barracks
Riflemen Squad
1⁄4-ton 4x4 Truck
Grenade Package
Riflemen Squad
Construct Weapon Support Center
M1919 Machine Gun Team
Air Support Center
P-47 Strafing Run
M3 Armored Personnel Carrier
P-47 Dive Bomb
Bazooka Squad
Selects Special Operations Battlegroup
Selects Special Operations Battlegroup
Selects Special Operations Battlegroup
Selects Raiding Flares
Selects SSF Commando Squad
SSF Commando Squad
M3 Armored Personnel Carrier
P-47 Dive Bomb
P-47 Strafing Run
SSF Commando Squad
P-47 Strafing Run
SSF Commando Squad
SSF Commando Squad
Selects M29 Weasel with M1 Pack Howitzer
Engineer Squad
Selects P-47 Anti-Infantry Loiter
Selects UNKNOWN (2162291)
P-47 Dive Bomb
P-47 Strafing Run
Construct Tank Depot
P-47 Dive Bomb
M4A1 Sherman Whizbang
P-47 Strafing Run
Raiding Flares
Selects Assault Operation
M4A1 Sherman Whizbang
SSF Commando Squad
P-47 Strafing Run
P-47 Strafing Run
Raiding Flares
SSF Commando Squad
P-47 Dive Bomb
P-47 Strafing Run
76561199424230967
Bucknasty Brown Trout
Thank You Chef
Kray-Tos
ゼロ
Tomatom
Endo
温拾壹
0
0
Comments
sign in to comment!
No comments posted yet!